 Dungeon Crawl Stone Soup version 0.29.0-13-gc9e81de378 (webtiles) character file.

Game seed: 14868745212202763993

2501 ragingrage the Cleaver (level 9, -8/67 HPs)
             Began as a Palentonga Fighter on Sept 11, 2022.
             Was a Follower of Qazlal.
             Mangled by a gnoll sergeant
             ... wielding a +0 glaive
              (10 damage)
             ... in a bailey.
             The game lasted 00:09:11 (9311 turns).

ragingrage the Cleaver (Palentonga Fighter)         Turns: 9311, Time: 00:09:12

Health: -8/67      AC: 21    Str: 32    XL:     9   Next: 28%
Magic:  9/9        EV:  5    Int:  8    God:    Qazlal [*.....]
Gold:   324        SH:  5    Dex: 10    Spells: 8/8 levels left

rFire   . . .      SeeInvis +   a - +0 war axe
rCold   . . .      Faith    .   c - +0 buckler
rNeg    . . .      Spirit   .   q - +0 scale mail
rPois   +          Reflect  .   k - +0 helmet
rElec   .          Harm     .   F - +1 cloak
rCorr   .          Rampage  .   (no gloves)
Will    .....                   s - +0 barding
Stlth   ..........              (no amulet)
HPRegen 0.21/turn               w - ring of poison resistance
MPRegen 0.11/turn               D - +6 ring of strength

@: hasted, curled up, very quick
A: large, rugged brown scales 3, see invisible, deformed body, roll 1, armoured
tail, reflexive curl
a: Rolling Charge, Renounce Religion


You were in a bailey.
You worshipped Qazlal.
Qazlal was aware of your devotion.
You visited 2 branches of the dungeon, and saw 8 of its levels.
You also visited: Bailey.

You collected 324 gold pieces.

Inventory:

Hand Weapons
 a - a +0 war axe (weapon)
 b - a +0 short sword of venom
 j - a +1 vorpal halberd
 H - a +2 whip of electrocution
 I - a +0 halberd
Missiles
 l - 6 javelins
 o - 5 silver javelins
 J - 3 throwing nets
Armour
 c - a +0 buckler (worn)
 k - a +0 helmet (worn)
 q - a +0 scale mail (worn)
 s - a +0 barding (worn)
 F - a +1 cloak (worn)
 K - a +0 chain mail
Jewellery
 w - a ring of poison resistance (left hand)
 D - a +6 ring of strength (right hand)
Wands
 E - a wand of light (5)
Scrolls
 i - a scroll of amnesia
 r - 2 scrolls of identify {@rr}
 t - a scroll of vulnerability
 u - a scroll of blinking {unknown}
 v - a scroll of torment {unknown}
 x - a scroll of enchant armour {unknown}
 y - a scroll of noise {unknown}
 B - a scroll of poison {unknown}
 C - a scroll of teleportation {unknown}
 G - a scroll of magic mapping {unknown}
Potions
 e - a potion of attraction
 f - a potion of cancellation {unknown}
 g - 4 potions of mutation
 h - a potion of invisibility {unknown}
 m - a potion of haste
 z - a potion of degeneration {unknown}


   Skills:
 - Level 3.0 Fighting
 + Level 12.6 Axes
 - Level 2.4 Armour
 - Level 2.6 Shields


You had 8 spell levels left.
You didn't know any spells.
Your spell library contained the following spells:

 Spells                   Type           Power      Damage    Failure   Level
 Gell's Gravitas          Tloc           0%         N/A       97%         3
 Lesser Beckoning         Tloc           0%         N/A       97%         3
 Teleport Other           Tloc           0%         N/A       97%         3
 Dispersal                Tloc           0%         N/A       100%        6


Dungeon Overview and Level Annotations

Branches:
Dungeon (7/15)             Temple (1/1) D:6          Bailey (1/1)

Altars:
Ashenzari
Cheibriados
Dithmenos
Elyvilon
Fedhas
Gozag
Hepliaklqana
Makhleb
Nemelex Xobeh
Okawaru
Qazlal
Ru
Sif Muna
Trog
Uskayaw
Vehumet
Wu Jian
Xom
Yredelemnul
The Shining One

Shops:
D:2 [


Innate Abilities, Weirdness & Mutations

You are completely covered in rugged brown scales. (AC +3, +7% HP)
You have supernaturally acute eyesight. (SInv)
Armour fits poorly on your strangely shaped body.
You can roll at nearby foes to attack.
You have a long armoured tail.
You curl defensively after being hit. (AC +7*)


Message History

Press: ? - help, Dir - move target, f - gnoll sergeant, p - gnoll
Aim: a gnoll sergeant, wielding a +0 glaive and wearing a +0 chain mail (moderately wounded, blind)
You roll forward with a clatter of scales!
You slice the gnoll sergeant!!
You kill the gnoll sergeant!
Qazlal accepts your kill.
You slash the gnoll! The gnoll barely misses you.
You barely miss the gnoll sergeant.
The gnoll sergeant is moderately wounded.
You slash the gnoll!
You kill the gnoll!
Qazlal accepts your kill.
You are now surrounded by a storm.
The gnoll sergeant hits you with a +0 glaive.
You slash the gnoll sergeant!
You tail-slap the gnoll sergeant, but do no damage.
The gnoll sergeant is severely wounded.
The gnoll sergeant hits you with a +0 glaive!
The gnoll bouda barks out a call to the hunt!
The gnoll sergeant picks up the pace!
The gnoll sergeant hits you with a +0 glaive!
* * * LOW HITPOINT WARNING * * *
The gnoll bouda hits you but does no damage.
Items here: )) [[ ÷ †.
You barely miss the gnoll bouda. You tail-slap the gnoll bouda!
The gnoll bouda is heavily wounded.
You hit the gnoll sergeant but do no damage.
You hit the gnoll bouda but do no damage.
The gnoll bouda is heavily wounded.
You closely miss the gnoll sergeant.
The gnoll sergeant hits you but does no damage.
The gnoll bouda hits you with a +0 halberd.
* * * LOW HITPOINT WARNING * * *
You slash the gnoll bouda!
The gnoll bouda is almost dead.
You hit the gnoll sergeant. The gnoll bouda barely misses you.
The gnoll sergeant hits you with a +0 glaive!
* * * LOW HITPOINT WARNING * * *
You feel yourself speed up.
The gnoll sergeant hits you with a +0 glaive!
You die...

#...# ≈♣ 8..h ##'##
≈♣ .gg.##...## ≈♣
..##.....## ≈♣
g.#.......# ..#≈♣
###'#...8...# ..#
#...#...)...#...#
#...##.°)..##...#
#...h##g@)##....#
#8....##g##....8# ♣
#.....#..[#.....#≈♣
##....'...'....##≈♣
##...#...#...##.≈♣
#####...#####..≈♣
...............≈♣
..............≈≈♣
≈≈≈≈≈≈≈≈≈≈≈≈≈≈≈≈♣♣


You could see a gnoll sergeant (swift, blind) and a gnoll bouda.

Vanquished Creatures
  Eustachio (D:3)
  An ice beast (D:6)
  A black bear (D:4)
  2 ogres (D:5)
  2 wolves (Bailey)
  A centaur (D:6)
  3 necrophages (D:6)
  5 gnoll sergeants (Bailey)
  3 scorpions
  5 hounds
  A jelly (D:3)
  2 orc priests (D:5)
  8 gnoll boudas
  7 iguanas
  19 gnolls
  14 adders
  A shadow imp (D:6)
  2 white imps (D:5)
  An ufetubus (D:5)
  6 dart slugs
  11 orcs
  6 bats
  4 endoplasms (D:1)
  2 giant cockroaches (D:2)
  5 goblins (D:1)
  11 hobgoblins
  4 jackals (D:3)
  9 quokkas
  3 ball pythons
  4 frilled lizards
  10 kobolds
  8 rats
162 creatures vanquished.

Vanquished Creatures (others)
  A fungus (D:1)
  2 plants (D:1)
3 creatures vanquished.

Grand Total: 165 creatures vanquished

Notes
Turn   | Place    | Note
-------+----------+-------------------------------------------
     0 | D:1      | ragingrage the Palentonga Fighter began the quest for the
                  | Orb.
     0 | D:1      | Reached XP level 1. HP: 19/19 MP: 1/1
   257 | D:1      | Reached XP level 2. HP: 25/25 MP: 2/2
   437 | D:1      | Reached skill level 3 in Axes
   645 | D:1      | Found a faded altar of an unknown god.
  1205 | D:1      | Reached XP level 3. HP: 23/31 MP: 3/3
  1781 | D:2      | Found Wuafyiv's Armour Shop.
  1838 | D:2      | Reached skill level 4 in Axes
  2250 | D:2      | Reached XP level 4. HP: 29/37 MP: 4/4
  2354 | D:2      | Found a shimmering altar of Xom.
  2823 | D:2      | Reached skill level 5 in Axes
  3537 | D:3      | Reached XP level 5. HP: 43/43 MP: 5/5
  4193 | D:3      | Reached skill level 6 in Axes
  4415 | D:3      | Reached XP level 6. HP: 37/50 MP: 6/6
  4631 | D:4      | Noticed Eustachio
  4716 | D:4      | Reached skill level 7 in Axes
  4986 | D:3      | Killed Eustachio
  4987 | D:3      | Gained mutation: You curl defensively after being hit. (AC
                  | +7*) [Palentonga growth]
  4987 | D:3      | Reached XP level 7. HP: 49/55 MP: 7/7
  5157 | D:5      | Entered Level 5 of the Dungeon
  5165 | D:4      | Reached skill level 8 in Axes
  5694 | D:4      | Found a bloodstained altar of Trog.
  6362 | D:5      | Reached skill level 9 in Axes
  6420 | D:5      | Found a shadowy altar of Dithmenos.
  6421 | D:5      | Found a sparkling altar of Nemelex Xobeh.
  6421 | D:5      | Found a snail-covered altar of Cheibriados.
  6423 | D:5      | Found an ornate altar of the Wu Jian Council.
  6423 | D:5      | Found a burning altar of Makhleb.
  6428 | D:5      | Found an opulent altar of Gozag.
  6429 | D:5      | Found a white marble altar of Elyvilon.
  6598 | D:5      | Reached XP level 8. HP: 62/62 MP: 8/8
  7092 | D:6      | Reached skill level 10 in Axes
  7514 | D:6      | Reached skill level 11 in Axes
  7783 | D:6      | Found a staircase to the Ecumenical Temple.
  8064 | Temple   | Entered the Ecumenical Temple
  8229 | Temple   | Became a worshipper of Qazlal Stormbringer
  8386 | D:7      | Found a flagged portal.
  8402 | Bailey   | Entered a bailey
  8608 | Bailey   | Reached XP level 9. HP: 22/67 MP: 9/9
  8914 | Bailey   | HP: 3/67 [gnoll sergeant/+0 glaive (13)]
  8920 | Bailey   | Reached skill level 12 in Axes
  8927 | Bailey   | HP: 2/100 [gnoll sergeant/+0 glaive (5)]
  9305 | Bailey   | Reached * piety under Qazlal
  9310 | Bailey   | HP: 2/67 [gnoll sergeant/+0 glaive (13)]
  9311 | Bailey   | Mangled by a gnoll sergeant

Illustrated notes

Levels and vault maps discovered:
D:1:      dpeg_arrival_brainrot, layout_basic,
          shapermc_ecumenical_altar_mp_ritualfount
D:2:      layout_basic, basic_altar, serial_shops, nicolae_shop_behind_doors,
          minmay_rat_gold_closets
D:3:      layout_loops_corners, wad_floor_pattern_1
D:4:      layout_rooms, lightli_temple_of_fire, uniq_eustachio
D:5:      layout_gridville, grunt_temple_overflow_open
D:6:      layout_gridville, minmay_temple_entry_drinking_statues,
          minmay_statues_item, minmay_tree_intersection, st_stairs_7
D:7:      layout_loops_corners, enter_bailey_2, minmay_shop_damaged,
          uniq_joseph, uniq_crazy_yiuf_cottage
Temple:   nicolae_temple_hex_pool
Bailey:   bailey_polearm_gnolls_kennysheep, bailey

Skill      XL: |  1  2  3  4  5  6  7  8  9 |
---------------+----------------------------+-----
Axes           | 3 4 5 6 7 9 11 12 | 12.6
Fighting       | |  3.0
Armour         | |  2.4
Shields        | |  2.6

Action                   |  1- 3 |  4- 6 |  7- 9 || total
-------------------------+-------+-------+-------++-------
Melee: War axe           |   127 |    50 |   181 ||   358
       Tailslap          |    10 |    26 |    31 ||    67
       Short sword       |       |   135 |    48 ||   183
       Whip              |       |       |     3 ||     3
 Abil: Rolling Charge    |    10 |     5 |    23 ||    38
Evoke: Wand              |       |       |     4 ||     4
  Use: Potion            |       |       |     8 ||     8
       Scroll            |       |       |     5 ||     5
 Stab: Invisible         |       |       |     5 ||     5
Armor: Scale mail        |    79 |   140 |   192 ||   411
Dodge: Dodged            |    52 |    56 |    67 ||   175
Block: Buckler           |    23 |    34 |    54 ||   111
